 Dungeon Crawl Stone Soup version 0.31.0-11-ge490571c62 (webtiles) character file.

Game seed: 2270951087267033492

16305 olmar the Geomancer (level 11, -5/74 HPs)
             Began as a Demigod Earth Elementalist on Jan 26, 2024.
             Slain by a large slime creature (34 damage)
             ... on level 11 of the Dungeon.
             The game lasted 00:22:55 (15502 turns).

olmar the Geomancer (Demigod Earth Elementalist)   Turns: 15502, Time: 00:22:56

Health: -5/74      AC: 10    Str:  9    XL:     11   Next: 79%
Magic:  1/29       EV: 13    Int: 29    God:
Gold:   590        SH:  0    Dex: 14    Spells: 15/30 levels left

rFire   . . .        J - +8 hammer of Wiolefed {pain, rN+ Stlth+}
rCold   . . .        (no shield)
rNeg    + . .        a - +0 robe
rPois   .            C - +1 helmet
rElec   +            I - +0 cloak
rCorr   +            (no gloves)
SInv    .            k - +0 pair of boots
Will    +....        (no amulet)
Stlth   +++++        s - ring "Gicauheb" {Fly rElec rCorr Stlth+}
HPRegen 0.32/turn    A - +4 ring of protection
MPRegen 0.21/turn

%: no passive effects
@: flying
A: high MP 1, forlorn, divine attributes
a: no special abilities


You were on level 11 of the Dungeon.
You visited 2 branches of the dungeon, and saw 12 of its levels.

You collected 590 gold pieces.

Inventory:

Hand Weapons
 j - a +1 dagger of venom
 E - a +4 dagger of venom
 J - the +8 hammer of Wiolefed (weapon) {pain, rN+ Stlth+}
   (You found it on level 7 of the Dungeon)

   rN+:       It protects you from negative energy.
   Stlth+:    It makes you more stealthy.
Missiles
 u - 2 datura-tipped darts
 B - 9 poisoned darts
 O - 8 javelins
Armour
 a - a +0 robe (worn)
 k - a +0 pair of boots (worn)
 C - a +1 helmet (worn)
 I - a +0 cloak (worn)
Jewellery
 s - the ring "Gicauheb" (left hand) {Fly rElec rCorr Stlth+}
   (You found it on level 3 of the Dungeon)

   [ring of flight]

   rElec:     It insulates you from electricity.
   Fly:       It grants you flight.
   rCorr:     It protects you from acid and corrosion.
   Stlth+:    It makes you more stealthy.
 y - a ring of positive energy
 A - a +4 ring of protection (right hand)
 G - a +5 ring of evasion
 L - a ring of poison resistance
Wands
 t - a wand of acid (4)
 D - a wand of digging (11)
 F - a wand of flame (26)
 H - a wand of roots (8)
Scrolls
 d - a scroll of noise {unknown}
 f - a scroll of fear
 i - a scroll of blinking
 l - a scroll of poison {unknown}
 m - a scroll of fog
 n - a scroll of enchant weapon {unknown}
 r - 5 scrolls of teleportation
 w - a scroll of enchant armour
 x - 2 scrolls of revelation {unknown}
 K - a scroll of amnesia {unknown}
 M - a scroll of brand weapon {unknown}
 N - 3 scrolls of identify
Potions
 b - a potion of magic
 c - 4 potions of enlightenment
 e - 2 potions of resistance
 g - 3 potions of attraction {unknown}
 h - 5 potions of curing {unknown}
 o - 3 potions of might
 p - a potion of berserk rage
 q - a potion of lignification
 v - 2 potions of mutation {unknown}
 z - a potion of haste {unknown}


   Skills:
 + Level 0.5 Maces & Flails
 - Level 0.4 Throwing
 + Level 4.1 Dodging
 + Level 4.4 Stealth
 + Level 10.2 Spellcasting
 + Level 9.0 Conjurations
 + Level 10.8 Earth Magic
 + Level 0.1 Alchemy
 - Level 0.1 Evocations


You had 15 spell levels left.
You knew the following spells:

 Your Spells              Type           Power      Damage    Failure   Level
a - Sandblast             Erth           100%       2d20      1%          1
b - Stone Arrow           Conj/Erth      100%       3d13      1%          3
c - Passwall              Erth           67%        N/A       1%          3
d - Brom's Barrelling Bo  Conj/Erth      64%        2d8       1%          4
e - Petrify               Alch/Erth      46%        N/A       3%          4

Your spell library contained the following spells:

 Spells                   Type           Power      Damage    Failure   Level
 Static Discharge         Conj/Air       82%        3-7/arc   1%          2
 Ensorcelled Hibernation  Hex/Ice        28%        N/A       5%          2
 Fugue of the Fallen      Necr           14%        N/A       11%         3
 Ozocubu's Armour         Ice            14%        N/A       11%         3
 Swiftness                Air            14%        N/A       11%         3
 Arcjolt                  Conj/Air       20%        1d30      16%         5
 Airstrike                Air            7%         2d(1-17)  36%         4
 Manifold Assault         Tloc           14%        N/A       36%         4
 Summon Lightning Spire   Summ/Air       14%        N/A       36%         4
 Vhi's Electric Charge    Tloc/Air       28%        N/A       36%         4
 Maxwell's Capacitive Co  Air            7%         ∞         100%        8


Dungeon Overview and Level Annotations

Branches:
Dungeon (11/15)            Temple (0/1) D:7            Lair (1/5) D:8
    Orc (0/2) D:10

Annotations:
D:7 4 runed translucent doors, Crazy Yiuf; snydleywhiplash's ghost, novice MiFi
Lair:1 Harold


Innate Abilities, Weirdness & Mutations

You have an increased reservoir of magic. (+10% MP)
You shall have no god before yourself.
Your divine heritage dramatically boosts your attributes as you level up.


Message History

You can't see any susceptible monsters within range! (Use Z to cast anyway.)
The slime creature quivers.
You see here 3 stones.
A slime creature is nearby!
You can't see any susceptible monsters within range! (Use Z to cast anyway.)
The stone arrow hits the slime creature!!
The slime creature is heavily wounded.
The stone arrow hits the slime creature!
The slime creature is severely wounded.
The stone arrow hits the slime creature.
The slime creature is severely wounded.
The stone arrow hits the slime creature!
The slime creature is almost dead.
The slime creature quivers. x2
The slime creature hits you!
Two slime creatures merge to form a large slime creature.
The stone arrow hits the slime creature!
You kill the slime creature!
Unknown command.
You can't see any susceptible monsters within range! (Use Z to cast anyway.)
The stone arrow hits the large slime creature!!
The large slime creature is moderately wounded.
The stone arrow hits the large slime creature!!
The large slime creature is heavily wounded.
The stone arrow hits the large slime creature!!
The large slime creature is severely wounded.
The stone arrow hits the large slime creature!
The large slime creature is severely wounded.
The large slime creature barely misses you.
The stone arrow hits the large slime creature!
The large slime creature is severely wounded.
The large slime creature hits you!!
Unknown command.
Aiming: Corrosive Bolt
Press: ? - help, Shift-Dir - straight line, f/p - large slime creature
Aim: a large slime creature (severely wounded, 94% to hit)
The bolt of acid hits the large slime creature.
The large slime creature is almost dead.
The large slime creature hits you!!
You die...

#.......#...## #..[.......#
.#####..>.......# #..........#
##......#)#..#...####..........#
.#..####...##.#........:........#
...........<........###.........#
.###....#####......# ##...<..#.>
#........# ##.....## ##########
#..#..#######....(..### # .(...#
####.....@.....# #
#...####.......J#..##...# # ..J.
....#.#.#.##..####..# # ...
......#...##...# ... # ..
#.....###...## #. #....## ##...#
## #.#..######..#### ..
%................# #.
.............†.....# #.


You could see a large slime creature.

Vanquished Creatures
  Erica (D:8)
  2 two-headed ogres (D:9)
  A death yak (D:8)
  Nergalle (D:11)
  Maurice (D:7)
  A cyclops (D:11)
  Joseph (D:7)
  A gargoyle (D:11)
  2 komodo dragons
  2 hornets
  Prince Ribbit (D:7)
  2 blink frogs (Lair:1)
  4 slime creatures (D:11)
  A vampire (D:11)
  18 yaks
  4 vampire mosquitoes (D:11)
  A steam dragon (D:9)
  A warg (D:10)
  3 acid dragons
  2 ice beasts
  5 water moccasins
  2 black bears
  2 ogres (D:6)
  4 orc warriors (D:10)
  5 wolves (Lair:1)
  3 centaurs
  2 phantoms
  A kobold brigand (D:10)
  3 bullfrogs
  A gnoll sergeant (D:7)
  6 scorpions
  14 wights
  9 killer bees
  8 howler monkeys
  A bombardier beetle (D:5)
  A crimson imp (D:8)
  A bullfrog zombie (D:4)
  8 hounds
  3 jellies
  6 orc priests
  Jessica (D:2)
  2 iguanas (D:5)
  A sleepcap (D:5)
  7 orc wizards
  A hell rat (D:8)
  A hound zombie (D:4)
  4 gnolls
  8 adders
  A river rat (D:8)
  2 shadow imps (D:6)
  A white imp (D:6)
  4 ufetubi
  An adder zombie (D:4)
  An adder skeleton (D:4)
  A dart slug (D:4)
  3 ribbon worms
  26 orcs
  6 ball pythons
  10 endoplasms
  6 giant cockroaches
  7 goblins
  6 hobgoblins
  A jackal (D:5)
  8 quokkas
  4 bats
  A frilled lizard (D:2)
  16 kobolds
  A quokka skeleton (D:4)
  5 rats
271 creatures vanquished.

Vanquished Creatures (collateral kills)
  A komodo dragon (Lair:1)
  2 blink frogs (Lair:1)
  A gnoll bouda (D:5)
  6 boulders
10 creatures vanquished.

Vanquished Creatures (others)
  A bullfrog (D:7)
  9 boulders
10 creatures vanquished.

Grand Total: 291 creatures vanquished

Notes
Turn   | Place    | Note
-------+----------+-------------------------------------------
     0 | D:1      | olmar the Demigod Earth Elementalist began the quest for
                  | the Orb.
     0 | D:1      | Reached XP level 1. HP: 14/14 MP: 5/5
   385 | D:1      | Reached XP level 2. HP: 20/20 MP: 4/7
   961 | D:2      | Reached XP level 3. HP: 26/26 MP: 7/9
   978 | D:2      | Learned a level 3 spell: Stone Arrow
  1205 | D:2      | Noticed Jessica
  1209 | D:2      | Killed Jessica
  1303 | D:2      | Reached XP level 4. HP: 28/33 MP: 6/10
  1346 | D:2      | Learned a level 3 spell: Passwall
  1698 | D:2      | Reached XP level 5. HP: 38/38 MP: 9/12
  2136 | D:3      | Identified the ring "Gicauheb" {Fly rElec rCorr Stlth+}
  2741 | D:4      | Reached XP level 6. HP: 41/45 MP: 9/15
  3518 | D:5      | Entered Level 5 of the Dungeon
  3556 | D:5      | Reached skill level 5 in Earth Magic
  3613 | D:5      | Learned a level 4 spell: Brom's Barrelling Boulder
  3727 | D:5      | Reached XP level 7. HP: 50/50 MP: 13/17
  3903 | D:5      | Reached skill level 1 in Conjurations
  4066 | D:5      | Reached skill level 5 in Spellcasting
  4242 | D:5      | Noticed a yak
  4242 | D:5      | Noticed a yak
  4242 | D:5      | Noticed a yak
  4519 | D:5      | Killed a yak
  4520 | D:5      | Noticed a yak
  4536 | D:5      | Killed a yak
  4537 | D:5      | Reached XP level 8. HP: 57/57 MP: 2/19
  5420 | D:5      | Noticed a komodo dragon
  5433 | D:5      | Killed a komodo dragon
  5917 | D:6      | Reached XP level 9. HP: 62/62 MP: 12/22
  6943 | D:7      | Noticed Joseph
  6943 | D:7      | Noticed Prince Ribbit
  6949 | D:7      | Killed Prince Ribbit
  6950 | D:7      | Killed Joseph
  6951 | D:7      | Reached skill level 5 in Conjurations
  7104 | D:7      | Found a staircase to the Ecumenical Temple.
  7535 | D:7      | Noticed Maurice
  7543 | D:7      | Killed Maurice
  7779 | D:7      | Found a runed translucent door.
  7780 | D:7      | Noticed Crazy Yiuf
  7782 | D:7      | Identified the +8 hammer of Wiolefed {pain, rN+ Stlth+}
  7788 | D:7      | Learned a level 4 spell: Petrify
  7878 | D:7      | Found a runed translucent gate.
  7879 | D:7      | Found a runed translucent gate.
  7879 | D:7      | Found a runed translucent gate.
  7883 | D:7      | Noticed snydleywhiplash's ghost (novice MiFi)
  7927 | D:7      | Noticed a spectral unseen horror
  8328 | D:8      | Reached XP level 10. HP: 69/69 MP: 5/25
  8603 | D:8      | Noticed a death yak
  8633 | D:8      | Noticed a death yak
  8635 | D:8      | Noticed a death yak
  9173 | D:8      | Noticed Erica
  9176 | D:8      | Killed Erica
  9305 | D:8      | Found a staircase to the Lair.
  9673 | D:8      | Killed a death yak
  9824 | Lair:1   | Entered Level 1 of the Lair of Beasts
 10351 | Lair:1   | Noticed Harold
 10882 | D:9      | Reached XP level 11. HP: 67/74 MP: 3/28
 11489 | D:9      | Noticed a two-headed ogre
 11504 | D:9      | Killed a two-headed ogre
 11922 | D:9      | Noticed a two-headed ogre
 11926 | D:9      | Killed a two-headed ogre
 11927 | D:9      | Reached skill level 10 in Earth Magic
 12001 | D:10     | Entered Level 10 of the Dungeon
 13047 | D:10     | Found a staircase to the Orcish Mines.
 14326 | D:11     | Noticed Nergalle
 14358 | D:11     | Killed Nergalle
 14553 | D:11     | Reached skill level 10 in Spellcasting
 15502 | D:11     | Slain by a large slime creature

Illustrated notes

Levels and vault maps discovered:
D:1:      reono_arrival_mine, layout_basic
D:2:      cheibrodos_fertilizer, layout_rooms, chequers_ecumenical_altar_island,
          minmay_misc_feat_square, uniq_jessica
D:3:      layout_loops_ring
D:4:      layout_basic, kennysheep_ying_yang, nicolae_ru_sacrificial_ziggurat,
          nicolae_wu_jian_wuxing_cycle, serial_undead, serial_undead_a,
          serial_undead_c, serial_undead_a, serial_undead_e
D:5:      layout_basic, minmay_divided_ellipse
D:6:      layout_basic, grunt_temple_overflow_open, nrook_mini_backslash,
          kennysheep_generic_room_14
D:7:      layout_loops_cross, grunt_qazlal_clouds, minmay_temple_entry_grid,
          gammafunk_ghost_necromancy, uniq_crazy_yiuf_cottage, uniq_joseph,
          uniq_maurice, uniq_prince_ribbit1
D:8:      layout_loops_ring, makhleb_grotto_becter, dpeg_lair_monsters,
          kennysheep_cross_bottleneck, uniq_erica
D:9:      layout_roguey, st_stairs_13
D:10:     layout_layer_cave, jmf_multi_god_temple, david_orc_3
D:11:     layout_rooms, minmay_misc_feat_enclosed, uniq_nergalle
Lair:1:   layout_loops_ring, lemuel_fruit_tree, uniq_harold

Skill      XL: |  1  2  3  4  5  6  7  8  9 10 11 |
---------------+----------------------------------+-----
Stealth        | 2 3 4 |  4.4
Earth Magic    | 3 4 5 6 7 8 9 10 | 10.8
Spellcasting   | 2 3 4 5 6 7 9 10 | 10.2
Dodging        | 2 3 4 |  4.1
Conjurations   | 2 3 5 7 9 |  9.0
Maces & Flails | |  0.5
Throwing       | |  0.4
Alchemy        | |  0.1
Evocations     | |  0.1

Action                     |  1- 3 |  4- 6 |  7- 9 | 10-12 || total
---------------------------+-------+-------+-------+-------++-------
  Melee: Unarmed           |     4 |       |       |       ||     4
         Dagger            |       |       |     5 |       ||     5
         Mace              |       |       |     1 |     1 ||     2
  Throw: Dart              |       |       |     4 |     5 ||     9
         Javelin           |       |       |       |     2 ||     2
         Throwing net      |       |       |       |     1 ||     1
   Cast: Sandblast         |    54 |    72 |     1 |     7 ||   134
         Stone Arrow       |       |     1 |   119 |   209 ||   329
         Brom's Barrelling |       |       |     1 |    18 ||    19
         Passwall          |       |       |     1 |     2 ||     3
         Petrify           |       |       |       |     2 ||     2
  Evoke: Wand              |       |     2 |    25 |    19 ||    46
    Use: Scroll            |     2 |     1 |     2 |     3 ||     8
         Potion            |       |     1 |       |     2 ||     3
 Armour: Robe              |    13 |    14 |    21 |    58 ||   106
  Dodge: Dodged            |    12 |    14 |    11 |    50 ||    87
